 Dungeon Crawl Stone Soup version 0.21.0-3-g78d12a8 (webtiles) character file.

3430 Hildebrand the Cleaver (level 9, -3/127 HPs)
             Began as a Minotaur Berserker on Jan 13, 2018.
             Was an Elder of Trog.
             Slain by MrWiggles77's ghost (12 damage)
             ... on level 8 of the Dungeon on Jan 15, 2018.
             The game lasted 00:35:22 (6610 turns).

Hildebrand the Cleaver (Minotaur Berserker)         Turns: 6610, Time: 00:35:23

Health: -3/127     AC: 11    Str: 28    XL:     9   Next: 77%
Magic:  0/8        EV: 12    Int:  6    God:    Trog [****..]
Gold:   356        SH:  0    Dex: 13    Spells: 8/8 levels left

rFire    . . .     SeeInvis .   a - +1 hand axe
rCold    . . .     Gourm    +   (no shield)
rNeg     . . .     Faith    .   u - +0 chain mail
rPois    .         Spirit   .   (helmet restricted)
rElec    .         Reflect  .   w - scarf {cloud immunity}
rCorr    .         Harm     .   (no gloves)
MR       +++..                  o - +0 pair of boots
Stlth    ..........             y - amulet of the gourmand
HPRegen  1.31/turn              k - ring of protection from magic
MPRegen  0.11/turn              D - +3 ring of dexterity

@: berserking (expiring), regenerating, very quick
A: retaliatory headbutt, horns 2
a: Berserk, Trog's Hand, Brothers in Arms, Burn Spellbooks, Renounce Religion


You were on level 8 of the Dungeon.
You worshipped Trog.
Trog was greatly pleased with you.
You were very full.

You visited 2 branches of the dungeon, and saw 9 of its levels.
You also visited: Sewer.

You collected 356 gold pieces.

Inventory:

Hand Weapons
 a - a +1 hand axe (weapon)
Missiles
 m - 4 tomahawks of returning
 v - 7 exploding tomahawks (quivered)
Armour
 f - a +2 cloak
 o - a +0 pair of boots (worn)
 u - a +0 chain mail (worn)
 w - a scarf of cloud immunity (worn)
Jewellery
 i - an uncursed ring of see invisible
 k - a ring of protection from magic (left hand)
 p - an uncursed ring of positive energy
 x - an uncursed ring of protection from fire
 y - an amulet of the gourmand (around neck)
 D - a +3 ring of dexterity (right hand)
 G - an uncursed amulet of harm {unknown}
 J - an uncursed ring of flight
Wands
 z - a wand of iceblast (10)
 A - a wand of enslavement (13)
 E - a wand of polymorph (15)
Scrolls
 d - 3 scrolls of teleportation
 j - 2 scrolls of remove curse
 n - a scroll of magic mapping
 B - 2 scrolls of fear
Potions
 b - a potion of agility
 e - 6 potions of curing
 g - 2 potions of flight
 h - 3 potions of lignification
 l - 2 potions of haste
 q - 2 potions of magic {unknown}
 r - a potion of might {unknown}
 s - a potion of brilliance {unknown}
 t - 2 potions of heal wounds {unknown}
 C - a potion of resistance {unknown}
Comestibles
 c - 13 rations
 I - 4 chunks of flesh


   Skills:
 * Level 10.2 Fighting
 * Level 10.3 Axes
 + Level 7.0 Armour
 + Level 6.6 Dodging


You had 8 spell levels left.
You didn't know any spells.

Dungeon Overview and Level Annotations

Branches:
Dungeon (8/15)             Temple (1/1) D:6
   Lair: D:8-11

Altars:
Cheibriados
Dithmenos
Fedhas
Makhleb
Nemelex Xobeh
Qazlal
Trog
Yredelemnul
Zin

Annotations:
D:8 MrWiggles77's ghost, novice GnFi


Innate Abilities, Weirdness & Mutations

You reflexively headbutt those who attack you in melee.
You have a pair of horns on your head.


Message History

You barely miss the orc. MrWiggles77's ghost hits you!
* * * LOW HITPOINT WARNING * * *
You feel your power leaking away.
You are too berserk!
You barely miss MrWiggles77's ghost.
Your headbutt misses MrWiggles77's ghost.
MrWiggles77's ghost is severely damaged.
You hit the orc. The orc hits you but does no damage.
You closely miss MrWiggles77's ghost.
Your headbutt misses MrWiggles77's ghost.
MrWiggles77's ghost is severely damaged.
You hit the orc.
You kill the orc!
Trog accepts your kill. MrWiggles77's ghost hits you!
* * * LOW HITPOINT WARNING * * *
You closely miss MrWiggles77's ghost.
MrWiggles77's ghost is severely damaged.
MrWiggles77's ghost hits you!
You die...

....# ...#
#..!# #..$#
#.... ###.#.#
###.#.#W######.
..#...@Z......
##.#...######.
#...#.######
#.#.<........
#...#.#######
#####.# #.# #.#
#.#


You could see MrWiggles77's ghost and a hound skeleton.

Vanquished Creatures
  Grinder (D:5)
  A hippogriff (D:7)
  Sigmund (D:5)
  The ghost of gowby the Slasher, an amateur HOSk of Okawaru (D:4)
  2 hungry ghosts (D:7)
  2 orc warriors
  An ice beast (D:7)
  5 sky beasts
  An ogre (D:6)
  A centaur (D:5)
  A big kobold (D:6)
  5 bullfrogs
  3 killer bees (D:7)
  A howler monkey (D:4)
  A bullfrog zombie (D:6)
  3 orc priests
  A gnoll shaman (D:5)
  A centaur skeleton (D:7)
  A hound (D:5)
  2 iguanas
  4 orc wizards
  7 worker ants
  2 hound zombies
  3 hound skeletons
  13 gnolls
  12 adders
  4 river rats
  A shadow imp (D:7)
  An ooze (D:4)
  An adder zombie (D:7)
  An adder skeleton (D:4)
  3 worms
  8 leopard geckos
  26 orcs
  6 ball pythons
  8 bats
  6 giant cockroaches
  7 goblins
  9 hobgoblins
  11 jackals
  3 quokkas
  11 frilled lizards
  A jackal skeleton (D:4)
  18 kobolds
  A leopard gecko skeleton (D:4)
  11 rats
213 creatures vanquished.

Notes
Turn   | Place    | Note
-------+----------+-------------------------------------------
     0 | D:1      | Hildebrand the Minotaur Berserker began the quest for the Orb.
     0 | D:1      | Reached XP level 1. HP: 19/19 MP: 0/0
   173 | D:1      | Reached XP level 2. HP: 27/27 MP: 1/1
   749 | D:2      | Found a burning altar of Makhleb.
   757 | D:2      | Found a glowing silver altar of Zin.
   757 | D:2      | Noticed an angel
   757 | D:2      | Noticed a green death
   793 | D:2      | Reached ** piety under Trog
   900 | D:2      | Reached XP level 3. HP: 33/33 MP: 2/2
  1155 | D:2      | Reached XP level 4. HP: 41/41 MP: 3/3
  1325 | D:2      | Reached skill level 5 in Axes
  1734 | D:3      | Reached XP level 5. HP: 47/47 MP: 4/4
  1756 | D:3      | Reached skill level 5 in Fighting
  1861 | D:3      | Found a glowing drain.
  1876 | Sewer    | Entered a sewer
  1886 | Sewer    | Reached *** piety under Trog
  1903 | Sewer    | Reached XP level 6. HP: 42/56 MP: 5/5
  2345 | D:3      | You fall through a shaft for 3 floors!
  2363 | D:5      | Entered Level 5 of the Dungeon
  2525 | D:5      | Noticed a sky beast
  2543 | D:5      | Reached **** piety under Trog
  2547 | D:5      | Killed a sky beast
  2547 | D:5      | Reached XP level 7. HP: 64/64 MP: 6/6
  2605 | D:5      | Noticed Sigmund
  2624 | D:5      | Received a gift from Trog
  2643 | D:5      | Killed Sigmund
  2720 | D:5      | Found a snail-covered altar of Cheibriados.
  2722 | D:5      | Noticed Grinder
  2738 | D:5      | Killed Grinder
  2752 | D:5      | Found a shadowy altar of Dithmenos.
  2765 | D:5      | Reached skill level 5 in Armour
  2765 | D:5      | Reached XP level 8. HP: 69/73 MP: 7/7
  2850 | D:4      | Noticed gowby's ghost (amateur HOSk)
  2883 | D:4      | Killed gowby's ghost
  2883 | D:4      | Reached skill level 5 in Dodging
  4383 | D:5      | Found a stormy altar of Qazlal.
  4438 | D:5      | Found a bloodstained altar of Trog.
  4557 | D:5      | Found a burning altar of Makhleb.
  4557 | D:5      | Noticed a green death
  4816 | D:6      | Reached XP level 9. HP: 81/82 MP: 8/8
  5219 | D:6      | Found a staircase to the Ecumenical Temple.
  5237 | Temple   | Entered the Ecumenical Temple
  5675 | D:7      | Reached ***** piety under Trog
  5903 | D:7      | Reached skill level 10 in Axes
  5986 | D:7      | Reached skill level 10 in Fighting
  6589 | D:8      | Noticed MrWiggles77's ghost (novice GnFi)
  6610 | D:8      | Slain by MrWiggles77's ghost

Skill      XL: |  1  2  3  4  5  6  7  8  9 |
---------------+----------------------------+-----
Fighting       | 4 5 6 7 8 10 | 10.2
Axes           | 4 5 6 7 9 10 | 10.3
Armour         | 3 4 5 6 7 |  7.0
Dodging        | 3 4 5 6 |  6.6

Action                   |  1- 3 |  4- 6 |  7- 9 || total
-------------------------+-------+-------+-------++-------
Melee: Hand axe          |    80 |   186 |   437 ||   703
       Headbutt          |     6 |    34 |   105 ||   145
Invok: Trog's Hand       |       |     2 |     6 ||     8
       Burn Spellbooks   |       |       |     3 ||     3
       Berserk           |       |       |     1 ||     1
  Use: Scroll            |     4 |     4 |     6 ||    14
  Eat: Chunk             |     1 |     5 |    33 ||    39
       Ration            |       |       |     1 ||     1
Armor: Scale mail        |    29 |    54 |       ||    83
       Animal skin       |     2 |       |       ||     2
       Chain mail        |       |    43 |   174 ||   217
Dodge: Dodged            |    64 |   133 |   150 ||   347
